 Dungeon Crawl Stone Soup version 0.29-a0-96-g93358da72b (webtiles) character file.

Game seed: 18039113150666692412

185 Murumi the Skirmisher (level 5, 0/33 HPs)
             Began as a Gargoyle Fighter on Feb 13, 2022.
             Slain by a gnoll (6 damage)
             ... on level 3 of the Dungeon.
             The game lasted 00:08:40 (2900 turns).

Murumi the Skirmisher (Gargoyle Fighter)            Turns: 2900, Time: 00:08:41

Health: 0/33       AC: 13    Str: 20    XL:     5   Next: 64%
Magic:  5/5        EV:  7    Int: 10    God:
Gold:   60         SH:  4    Dex:  9    Spells: 4/4 levels left

rFire   . . .      SeeInvis .   a - +1 flail
rCold   . . .      Faith    .   c - +0 buckler
rNeg    + . .      Spirit   .   i - +0 chain mail
rPois   ∞          Reflect  .   (no helmet)
rElec   +          Harm     .   (no cloak)
rCorr   .          Rampage  .   (no gloves)
Will    .....                   (no boots)
Stlth   ..........              (no amulet)
HPRegen 0.11/turn               g - ring of flight
MPRegen 0.09/turn               (no ring)

@: flying
A: sickness immunity, AC +4, negative energy resistance 1, electricity
resistance, torment resistance 1, petrification resistance
a: no special abilities


You were on level 3 of the Dungeon.
You visited 1 branch of the dungeon, and saw 3 of its levels.

You collected 60 gold pieces.

Inventory:

Hand Weapons
 a - a +1 flail (weapon)
 f - a +0 hunting sling
Armour
 c - a +0 buckler (worn)
 i - a +0 chain mail (worn)
Jewellery
 g - a ring of flight (left hand)
Potions
 b - a potion of lignification
 d - a potion of brilliance {unknown}
 e - a potion of degeneration {unknown}
 h - a potion of curing
 j - a potion of haste {unknown}


   Skills:
 - Level 4.0 Fighting
 - Level 3.0 Maces & Flails
 + Level 2.3 Slings
 - Level 4.0 Armour
 - Level 1.0 Dodging
 - Level 4.0 Shields


You had 4 spell levels left.
You didn't know any spells.
Your spell library was empty.

Dungeon Overview and Level Annotations

Branches:
Dungeon (3/15)

Altars:


Innate Abilities, Weirdness & Mutations

You are immune to sickness and miasma.
Your stone body is resilient. (AC +4)
You are immune to poison.
You resist negative energy. (rN+)
You are resistant to electric shocks. (rElec)
You are resistant to unholy torment.
You are immune to petrification.


Message History

The stone hits the gnoll but does no damage.
The gnoll hits you but does no damage.
The gnoll hits you from afar with a +0 spear.
a - a +1 flail (weapon)
You block the gnoll's attack. The gnoll hits you but does no damage.
The gnoll barely misses you.
You see here a stone.
You hit the gnoll.
The gnoll is lightly wounded.
The gnoll hits you with a +0 spear. x2
You hit the gnoll.
The gnoll is moderately wounded.
The gnoll hits you but does no damage. x2; The gnoll barely misses you.
You block the gnoll's attack.
You barely miss the gnoll.
The gnoll is moderately wounded.
The gnoll barely misses you. x2
You hit the gnoll.
The gnoll is severely wounded.
The gnoll hits you but does no damage. The gnoll hits you with a +0 spear.
You hit the gnoll.
The gnoll is severely wounded.
You block the gnoll's attack. The gnoll hits you but does no damage.
The gnoll hits you with a +0 spear.
You closely miss the gnoll.
The gnoll is severely wounded.
The gnoll hits you with a +0 spear. The gnoll hits you but does no damage.
The gnoll hits you with a +0 spear.
You barely miss the gnoll.
The gnoll is severely wounded.
The gnoll hits you but does no damage. x2
You closely miss the gnoll.
The gnoll is severely wounded.
The gnoll hits you but does no damage. x2
You hit the gnoll.
You kill the gnoll!
The gnoll hits you with a +0 spear.
* * * LOW HITPOINT WARNING * * *
The gnoll hits you with a +0 spear.
You die...

#.#....# #####.#....#
#.....#(...# #.....#....+
#..........# +......(...
#......)g# #......@.# #
##...(..(.# #.
......(..##########
##.##....#..†).........
###.##......###.............
....##......................
....##...........#..........
....##...........###.#######
....##....................#


You could see a gnoll.

Vanquished Creatures
  Natasha (thrice) (D:2)
  2 gnolls (D:3)
  5 adders
  A worm (D:2)
  2 orcs (D:3)
  7 endoplasms
  4 giant cockroaches
  5 goblins
  3 hobgoblins
  2 jackals (D:2)
  2 quokkas
  4 ball pythons
  8 bats
  3 frilled lizards
  4 kobolds
55 creatures vanquished.

Notes
Turn   | Place    | Note
-------+----------+-------------------------------------------
     0 | D:1      | Murumi the Gargoyle Fighter began the quest for the Orb.
     0 | D:1      | Reached XP level 1. HP: 14/14 MP: 1/1
   330 | D:1      | Reached XP level 2. HP: 15/20 MP: 2/2
   836 | D:1      | Found a faded altar of an unknown god.
   836 | D:1      | Noticed a hell beast
  1107 | D:2      | Reached XP level 3. HP: 21/24 MP: 3/3
  1660 | D:2      | Reached skill level 1 in Slings
  1660 | D:2      | Reached XP level 4. HP: 13/29 MP: 4/4
  2055 | D:2      | Noticed Natasha
  2074 | D:2      | Killed Natasha
  2120 | D:2      | Noticed Natasha
  2131 | D:2      | Killed Natasha
  2132 | D:2      | Reached skill level 1 in Dodging
  2132 | D:2      | Reached XP level 5. HP: 10/33 MP: 5/5
  2379 | D:2      | Noticed Natasha
  2395 | D:2      | Killed Natasha
  2900 | D:3      | Slain by a gnoll

Illustrated notes

Levels and vault maps discovered:
D:1:      minmay_arrival_radiant_lines, layout_basic,
          dreamdust_ecumenical_altar_sealed_demon
D:2:      layout_basic, minmay_quadrilaterals, uniq_natasha
D:3:      layout_basic, uniq_grinder

Skill      XL: |  1  2  3  4  5 |
---------------+----------------+-----
Fighting       | 4 |  4.0
Armour         | 4 |  4.0
Shields        | 4 |  4.0
Slings         | 1 2 |  2.3
Dodging        | 1 |  1.0
Maces & Flails | 3 |  3.0

Action                   |  1- 3 |  4- 6 || total
-------------------------+-------+-------++-------
Melee: Flail             |   101 |    79 ||   180
 Fire: Hunting sling     |       |    42 ||    42
  Use: Scroll            |     2 |     1 ||     3
       Potion            |       |     2 ||     2
Armor: Scale mail        |    31 |       ||    31
       Chain mail        |    32 |    72 ||   104
Dodge: Dodged            |    35 |    35 ||    70
Block: Buckler           |    17 |    25 ||    42

Table legend: (Time is in decaauts)
 A = Elapsed time spent in this place.
 B = Non-inter-level travel time spent in this place.
 C = Inter-level travel time spent in this place.
 D = Time resting spent in this place.
 E = Time spent auto-exploring this place.
 F = Levels seen in this place.
 G = Mean time per level.
                   A        B        C        D        E       F      G
               +--------+--------+--------+--------+--------+-----+--------+
         Total |   2983 |   2783 |    200 |      0 |   2211 |   3 |  994.3 |
       Dungeon |   2983 |   2783 |    200 |      0 |   2211 |   3 |  994.3 |
               +--------+--------+--------+--------+--------+-----+--------+

Top non-repeatable levels by time:
     D:2: 1685 daAuts
     D:1: 1010 daAuts
     D:3: 288 daAuts
